 Dungeon Crawl Stone Soup version 0.19.5 (webtiles) character file.

23963 equalderp2856 the Covert (level 12, -8/49 HPs)
             Began as a Felid Fighter on Mar 4, 2017.
             Mangled by an orc warrior
             ... wielding a +0 glaive
             ... led by an orc warlord
              (31 damage)
             ... on level 1 of the Orcish Mines.
             The game lasted 02:43:28 (36803 turns).

equalderp2856 the Covert (Felid Fighter)           Turns: 36803, Time: 02:43:28

Health: -8/49      AC:  3    Str: 13    XL:     12   Next: 76%
Magic:  8/25       EV: 26    Int: 12    God:
Gold:   1108       SH:  0    Dex: 17    Spells: 6 memorised, 14 levels left
                                        Lives:  0   Deaths: 3

rFire  . . .     SeeInvis +       - Unarmed
rCold  + . .     Gourm    .     (armour unavailable)
rNeg   . . .     Faith    .     (shield unavailable)
rPois  +         Spirit   .     (helmet unavailable)
rElec  .         Reflect  .     (cloak unavailable)
rCorr  .         Harm     .     (gloves unavailable)
MR     +....                    (boots unavailable)
Stlth  +++++++...               (no amulet)
                                h - ring of stealth
                                H - ring of poison resistance

@: confusing touch (expiring), quick
A: no armour, no weapons or thrown items, stealth, claws 1, fangs 3, see
invisible, carnivore 3, speed 1, shaggy fur 3, slow metabolism 1, sharp paws
a: no special abilities


You were on level 1 of the Orcish Mines.
You were not hungry.

You visited 3 branches of the dungeon, and saw 18 of its levels.
You also visited: Sewer and Ossuary.

You collected 1408 gold pieces.
You spent 300 gold pieces at shops.

Inventory:

Hand Weapons
 q - a +1 dagger
Missiles
 i - 318 arrows
Jewellery
 c - a +3 ring of slaying
 h - a ring of stealth (right paw)
 r - an uncursed amulet of faith
 H - a ring of poison resistance (left paw)
 K - an uncursed ring of fire
 L - an uncursed amulet of guardian spirit
 N - an uncursed amulet of inaccuracy
 U - an uncursed ring of protection from fire
Wands
 m - a wand of disintegration (18/24)
 M - a wand of flame (17/48)
 Q - a wand of flame (36/48)
 S - a wand of paralysis (17/24)
 Y - a wand of slowing (38/48)
 Z - a wand of acid (1/15)
Scrolls
 e - 9 scrolls of teleportation
 k - 3 scrolls of identify
 o - 3 scrolls of amnesia
 x - 6 scrolls of remove curse
 y - 7 scrolls of magic mapping
 C - 2 scrolls of fear
 T - a scroll of holy word
 W - a scroll of fog
 X - a scroll of recharging
Potions
 a - 5 potions of might
 d - 4 potions of cure mutation
 f - a potion of lignification {unknown}
 g - 4 potions of heal wounds
 l - 6 potions of agility
 n - 4 potions of brilliance
 p - a potion of invisibility {unknown}
 s - a potion of mutation {unknown}
 w - 16 potions of degeneration
 z - 3 potions of magic {unknown}
 A - 4 potions of haste
 B - a potion of beneficial mutation {unknown}
 D - 3 potions of ambrosia {unknown}
 F - 5 potions of flight
 I - 2 potions of resistance {unknown}
 J - 8 potions of curing
 P - a potion of cancellation {unknown}
Books
 t - a book of Air

   Spells                             Type                      Level
   a - Shock                          Conjuration/Air              1
   b - Swiftness                      Charms/Air                   2
   c - Repel Missiles                 Charms/Air                   2
   d - Static Discharge               Conjuration/Air              3
   e - Lightning Bolt                 Conjuration/Air              5
 u - a book of Misfortune

   Spells                             Type                      Level
   a - Confusing Touch                Hexes                        1
   b - Confuse                        Hexes                        3
   c - Gell's Gravitas                Hexes/Translocation          3
   d - Petrify                        Transmutation/Earth          4
   e - Metabolic Englaciation         Hexes/Ice                    5
   f - Yara's Violent Unravelling     Hexes/Transmutation          5
 G - a book of Cantrips

   Spells                             Type                      Level
   a - Confusing Touch                Hexes                        1
   b - Animate Skeleton               Necromancy                   1
   c - Summon Small Mammal            Summoning                    1
   d - Apportation                    Translocation                1
 O - a book of Callings

   Spells                             Type                      Level
   a - Summon Small Mammal            Summoning                    1
   b - Call Imp                       Summoning                    2
   c - Call Canine Familiar           Summoning                    3
   d - Summon Guardian Golem          Hexes/Summoning              3
   e - Summon Lightning Spire         Summoning/Air                4
   f - Summon Ice Beast               Ice/Summoning                4
 V - a book of Flames

   Spells                             Type                      Level
   a - Flame Tongue                   Conjuration/Fire             1
   b - Throw Flame                    Conjuration/Fire             2
   c - Conjure Flame                  Conjuration/Fire             3
   d - Inner Flame                    Hexes/Fire                   3
   e - Sticky Flame                   Conjuration/Fire             4
   f - Fireball                       Conjuration/Fire             5
Miscellaneous
 j - a lamp of fire
Comestibles
 b - 8 meat rations
 E - 12 beef jerkies
 R - 9 bread rations


   Skills:
 - Level 4.1 Fighting
 - Level 10.3 Dodging
 - Level 14.9 Stealth
 - Level 13.0 Unarmed Combat
 - Level 8.8 Spellcasting
 - Level 12.7 Hexes
 - Level 1.2 Charms
 + Level 3.3 Summonings
 + Level 2.7 Ice Magic
 - Level 0.6 Air Magic


You had 14 spell levels left.
You knew the following spells:

 Your Spells              Type           Power        Failure   Level  Hunger
a - Confusing Touch       Hex            #####.       1%          1    None
b - Repel Missiles        Chrm/Air       #.....       14%         2    None
c - Swiftness             Chrm/Air       #.......     14%         2    None
d - Confuse               Hex            #####...     1%          3    ##.....
e - Call Imp              Summ           ##......     6%          2    None
f - Summon Ice Beast      Ice/Summ       ##......     41%         4    ####...


Dungeon Overview and Level Annotations

Branches:
Dungeon (12/15)            Temple (0/1) D:4            Lair (4/6) D:8
 Shoals (0/4) Lair:4       Spider (0/4) Lair:4          Orc (2/2) D:9
    Elf (0/3) Orc:2

Altars:
Makhleb
Nemelex Xobeh
Qazlal
Ru
Trog
Vehumet
Yredelemnul

Shops:
D:9 (   D:11 (   Orc:1 =

Annotations:
D:3 Dustman's ghost, amateur MiGl
D:4 1 runed door
D:5 Dustman's ghost, novice MiGl
D:9 volk64's ghost, novice NaBe
D:12 North's ghost, journeyman DrTm
Lair:2 Harold


Innate Abilities, Weirdness & Mutations

You cannot wear armour.
You are incapable of wielding weapons or throwing items.
Your paws allow you to move quietly. (Stealth)
You have sharp claws.
You have razor-sharp teeth.
You have supernaturally acute eyesight. (SInv)
You are carnivorous and can eat meat at any time.
You cover ground quickly.
Your thick and shaggy fur keeps you warm. (AC +3, rC+)
You have a slow metabolism.
Your sharp claws are effective at attacking unaware monsters.


Message History

a chain mail; a short sword
Things that are here:
a plate armour; a long sword The orc warlord no longer looks unusually strong.
The orc warrior shouts!
The orc warlord roars a battlecry!
The orc warlord goes into a battle-frenzy!
The orc warlord no longer looks unusually strong.
Casting: Confuse
Confirm with . or Enter, or press ? or * to list all spells.
Your paws begin to glow red.
The orc warrior misses you.
The orc warlord roars a battlecry!
The orcs go into a battle-frenzy!
You scratch the orc warrior but do no damage.
The orc warrior is lightly wounded.
The orc warrior hits you with a glaive!!
Ouch! That really hurt!
The orc warrior hits you from afar with a glaive!!
Ouch! That really hurt!
You die...

##.......#.......#.....
#....[..[..............
##..#......))..[.......
#...<[.....>..........
##.(.>....).....#.....
#..............#.#...#
##..(.................
##.#....(.....)........
#...).@.).....).[..).#)
#.......o......###.##..
##.....).......#####..o
##....o.#.......#.###..
#.......##.........##..
#...#..#o.......)......
##.............#...#'#.
#.....÷........##.#∩##
##.##.#)).##...#.#####


You could see 2 orc warlords and an orc warrior.

Vanquished Creatures
  4 hydras
  Fannar (Lair:3)
  A death yak (Lair:4)
  Nergalle (Lair:3)
  An orc knight (Orc:1)
  6 hill giants
  An orc sorcerer (Orc:1)
  A manticore (D:11)
  Maurice (D:11)
  A torpor snail (Lair:4)
  A black mamba (Lair:3)
  13 spiny frogs
  5 elephants (Lair:3)
  A rime drake (Lair:3)
  7 komodo dragons
  4 trolls
  A jumping spider (Lair:4)
  2 two-headed ogres
  A slime creature (Lair:3)
  6 hippogriffs
  A wraith (D:10)
  2 wyverns
  19 yaks
  2 basilisks
  2 mottled dragons
  A soldier ant (D:11)
  7 water moccasins
  9 porcupines
  16 orc warriors
  3 ice beasts
  A swamp drake (D:9)
  5 sky beasts
  4 black bears
  3 phantoms
  9 ogres
  10 centaurs
  7 crocodiles
  16 bullfrogs
  A wyvern zombie (D:8)
  2 big kobolds (D:9)
  A gnoll sergeant (D:9)
  5 scorpions
  A water moccasin skeleton (D:8)
  10 killer bees
  5 wights (D:11)
  4 howler monkeys
  2 crimson imps
  2 centaur zombies
  2 hounds
  A quasit (D:6)
  17 orc wizards
  A gnoll shaman (D:9)
  10 jellies
  16 orc priests
  2 bullfrog skeletons
  4 iguanas
  Ijyb (D:3)
  Natasha (thrice) (D:4)
  2 hell rats (Lair:2)
  10 worker ants
  2 killer bee zombies (D:7)
  A hound zombie (D:10)
  8 mummies (Ossuary)
  3 hound skeletons
  A howler monkey zombie (D:8)
  A howler monkey skeleton (D:8)
  18 adders
  7 gnolls
  10 river rats
  3 shadow imps
  15 oozes
  An adder zombie (D:8)
  3 worms
  3 dart slugs
  5 leopard geckos
  67 orcs
  9 bats
  10 giant cockroaches
  A gnoll zombie (Ossuary)
  6 goblins
  9 hobgoblins
  12 jackals
  2 quokkas
  10 ball pythons (Sewer)
  7 frilled lizards
  A hobgoblin zombie (Ossuary)
  7 kobolds
  A kobold zombie (Ossuary)
  5 orc zombies (Ossuary)
  A quokka skeleton (D:6)
  A quokka zombie (D:6)
  40 rats
  A butterfly (Lair:3)
  A fungus (D:8)
  2 plants (Lair:3)
552 creatures vanquished.

Vanquished Creatures (collateral kills)
  An orc warrior (Orc:1)
  A killer bee (D:8)
  An orc (Orc:1)
3 creatures vanquished.

Vanquished Creatures (others)
  16 fungi
  21 plants
37 creatures vanquished.

Grand Total: 592 creatures vanquished

Notes
Turn   | Place    | Note
-------+----------+-------------------------------------------
     0 | D:1      | equalderp2856 the Felid Fighter began the quest for the Orb.
     0 | D:1      | Reached XP level 1. HP: 10/10 MP: 2/2
   146 | D:1      | Reached XP level 2. HP: 7/14 MP: 3/3
   863 | D:1      | Reached skill level 1 in Stealth
   930 | D:1      | Reached XP level 3. HP: 17/17 MP: 4/4
  1482 | D:2      | Found a basalt altar of Yredelemnul.
  1550 | D:2      | Reached skill level 2 in Stealth
  1665 | D:2      | Reached XP level 4. HP: 15/21 MP: 5/5
  1786 | D:2      | Found a burning altar of Makhleb.
  1786 | D:2      | Found a faded altar of an unknown god.
  2045 | D:3      | Noticed Ijyb
  2055 | D:3      | Killed Ijyb
  2055 | D:3      | Reached skill level 5 in Dodging
  2055 | D:3      | Reached skill level 5 in Unarmed Combat
  2360 | D:4      | Noticed Natasha
  2377 | D:4      | Noticed a water elemental
  2379 | D:4      | Found a stormy altar of Qazlal.
  2380 | D:4      | Noticed an air elemental
  2380 | D:4      | Noticed an earth elemental
  2380 | D:4      | Noticed a fire elemental
  2586 | D:3      | Reached skill level 3 in Stealth
  2780 | D:3      | Reached XP level 5. HP: 23/24 MP: 6/6
  3376 | D:3      | Reached skill level 4 in Stealth
  3425 | D:3      | Noticed Dustman's ghost (amateur MiGl)
  3798 | D:3      | Gained mutation: You are covered in thick fur. (AC +2) [Felid growth]
  3798 | D:3      | Reached XP level 6. HP: 8/28 MP: 7/7
  4104 | D:4      | Found a sparkling altar of Nemelex Xobeh.
  4796 | D:4      | Learned a level 1 spell: Confusing Touch
  4821 | D:5      | Entered Level 5 of the Dungeon
  4991 | D:5      | Found a glowing drain.
  4996 | Sewer    | Entered a sewer
  5157 | Sewer    | Reached skill level 5 in Stealth
  5485 | Sewer    | Slain by a river rat
  5486 | Sewer    | Reached XP level 5. HP: 0/24 MP: 6/6
  5585 | Sewer    | Reached XP level 6. HP: 28/28 MP: 7/7
  6561 | D:5      | Reached XP level 7. HP: 19/31 MP: 8/8
  7584 | D:4      | Found a radiant altar of Vehumet.
  7584 | D:4      | Found a sacrificial altar of Ru.
  7691 | D:4      | Found a staircase to the Ecumenical Temple.
  7830 | D:4      | Reached skill level 6 in Stealth
  7905 | D:4      | Found a runed door.
  8021 | D:5      | Noticed Dustman's ghost (novice MiGl)
  8189 | D:4      | Killed Natasha
  8326 | D:4      | Noticed Natasha
  8333 | D:4      | Killed Natasha
  8456 | D:4      | Noticed Natasha
  8468 | D:4      | Killed Natasha
  9649 | D:6      | Reached XP level 8. HP: 27/35 MP: 9/9
  9709 | D:6      | Reached skill level 1 in Hexes
 10373 | D:6      | Reached skill level 7 in Stealth
 10579 | D:6      | Learned a level 2 spell: Repel Missiles
 10582 | D:6      | Learned a level 2 spell: Swiftness
 11209 | D:7      | Reached skill level 1 in Spellcasting
 11439 | D:7      | Reached XP level 9. HP: 25/38 MP: 11/11
 11971 | D:7      | Reached skill level 8 in Stealth
 12134 | D:7      | Reached skill level 10 in Unarmed Combat
 12794 | D:8      | Reached skill level 1 in Charms
 12822 | D:8      | Reached skill level 9 in Stealth
 12834 | D:8      | Found a sand-covered staircase.
 12840 | Ossuary  | Entered an ossuary
 13458 | D:8      | Found a bloodstained altar of Trog.
 13481 | D:8      | Found a staircase to the Lair.
 14249 | D:8      | Reached XP level 10. HP: 36/42 MP: 11/15
 14528 | D:9      | Reached skill level 10 in Stealth
 14701 | D:9      | Found Mowkoaca's Weapon Shoppe.
 14887 | D:9      | Reached skill level 5 in Hexes
 15763 | D:9      | Found a staircase to the Orcish Mines.
 15780 | D:9      | Noticed volk64's ghost (novice NaBe)
 16623 | D:10     | Entered Level 10 of the Dungeon
 16767 | D:10     | Noticed a hill giant
 17530 | Lair:1   | Entered Level 1 of the Lair of Beasts
 17822 | Lair:2   | Reached skill level 11 in Stealth
 17827 | Lair:2   | Learned a level 3 spell: Confuse
 17834 | Lair:2   | Noticed Harold
 18272 | Lair:2   | Noticed a spiny frog
 18291 | Lair:2   | Killed a spiny frog
 19370 | Lair:1   | Noticed a spiny frog
 19477 | Lair:1   | Killed a spiny frog
 19477 | Lair:1   | Reached XP level 11. HP: 38/45 MP: 4/19
 19984 | Lair:1   | Reached skill level 5 in Spellcasting
 20214 | Lair:1   | Noticed an eight-headed hydra
 20221 | Lair:1   | Killed an eight-headed hydra
 20221 | Lair:1   | Reached skill level 12 in Stealth
 23647 | Lair:3   | Noticed Fannar
 23674 | Lair:3   | Reached skill level 13 in Stealth
 23820 | Lair:3   | Noticed a five-headed hydra
 24043 | Lair:3   | Slain by a five-headed hydra
 24044 | Lair:3   | Reached XP level 10. HP: -3/42 MP: 8/20
 24069 | Lair:3   | Noticed a six-headed hydra
 24082 | Lair:3   | Killed a six-headed hydra
 24089 | Lair:3   | Slain by a five-headed hydra
 24090 | Lair:3   | Reached XP level 9. HP: -5/39 MP: 8/20
 24098 | Lair:3   | Killed a five-headed hydra
 24098 | Lair:3   | Reached XP level 10. HP: 42/42 MP: 21/21
 24635 | Lair:3   | Noticed a black mamba
 24646 | Lair:3   | Killed a black mamba
 24682 | Lair:3   | Killed Fannar
 24699 | Lair:3   | Killed a spiny frog
 24827 | Lair:3   | Noticed Nergalle
 25089 | Lair:3   | Reached skill level 10 in Hexes
 25193 | Lair:3   | Noticed an elephant
 25197 | Lair:3   | Noticed an elephant
 25249 | Lair:3   | Noticed an elephant
 25250 | Lair:3   | Noticed an elephant
 25251 | Lair:3   | Noticed an elephant
 25331 | Lair:3   | Killed an elephant
 25331 | Lair:3   | Reached XP level 11. HP: 46/46 MP: 18/23
 25857 | Lair:3   | Noticed a spectral orc warlord
 26063 | Lair:3   | Killed Nergalle
 26063 | Lair:3   | Reached skill level 14 in Stealth
 26947 | Lair:4   | Reached skill level 10 in Dodging
 26974 | Lair:4   | Found a hole to the Spider Nest.
 27517 | Lair:4   | Found a staircase to the Shoals.
 27541 | Lair:4   | Noticed a death yak
 27546 | Lair:4   | Killed a death yak
 27570 | Lair:4   | Noticed a death yak
 27938 | Lair:4   | Noticed a four-headed hydra
 27969 | Lair:4   | Killed a four-headed hydra
 28072 | Lair:4   | Noticed a five-headed hydra
 29560 | D:10     | Gained mutation: Your thick and shaggy fur keeps you warm. (AC +3, rC+) [Felid growth]
 29560 | D:10     | Reached XP level 12. HP: 31/49 MP: 25/25
 30115 | D:11     | Noticed Maurice
 30143 | D:11     | Killed Maurice
 31069 | D:11     | Found Gusm's Weapon Shoppe.
 31435 | D:12     | Noticed North's ghost (journeyman DrTm)
 33759 | D:9      | Learned a level 2 spell: Call Imp
 33764 | D:9      | Learned a level 4 spell: Summon Ice Beast
 33769 | Orc:1    | Entered Level 1 of the Orcish Mines
 34506 | D:9      | Reached skill level 1 in Summonings
 34506 | D:9      | Reached skill level 1 in Ice Magic
 34874 | Orc:1    | Found Moqabbo Ujor's Jewellery Shoppe.
 35076 | Orc:2    | Entered Level 2 of the Orcish Mines
 35076 | Orc:2    | Found a staircase to the Elven Halls.
 35558 | Orc:1    | Noticed an orc warlord
 35707 | Orc:1    | Noticed an orc warlord
 35746 | Orc:1    | Bought an uncursed amulet of guardian spirit for 300 gold pieces
 36435 | Orc:1    | HP: 2/49 [orc warrior/war axe[an orc warlord] (14)]
 36803 | Orc:1    | Mangled by an orc warrior

Skill      XL: |  1  2  3  4  5  6  7  8  9 10 11 12 |
---------------+-------------------------------------+-----
Stealth        | 1 2 3 4 5 6 7 9 11 14 | 14.9
Dodging        | 5 6 7 8 9 10 | 10.3
Unarmed Combat | 5 7 8 9 10 11 12 13 | 13.0
Hexes          | 1 4 10 12 | 12.7
Spellcasting   | 1 2 7 8 |  8.8
Charms         | 1 |  1.2
Fighting       | 4 |  4.1
Summonings     | 3 |  3.3
Ice Magic      | 2 |  2.7
Air Magic      | |  0.6

Action                   |  1- 3 |  4- 6 |  7- 9 | 10-12 || total
-------------------------+-------+-------+-------+-------++-------
Melee: Unarmed           |   106 |   329 |   426 |  1046 ||  1907
       Bite              |     9 |    35 |    44 |   132 ||   220
       Punch             |     2 |    10 |    19 |    95 ||   126
 Cast: Confusing Touch   |       |       |    26 |   156 ||   182
       Repel Missiles    |       |       |     2 |     1 ||     3
       Confuse           |       |       |       |   215 ||   215
       Swiftness         |       |       |       |     2 ||     2
       Call Imp          |       |       |       |    13 ||    13
  Use: Potion            |       |     4 |       |     7 ||    11
       Scroll            |       |       |    15 |    10 ||    25
 Stab: Sleeping          |    11 |    10 |    17 |    51 ||    89
       Distracted        |       |       |     2 |     8 ||    10
       Confused          |       |       |    20 |   121 ||   141
  Eat: Chunk             |     9 |     9 |     7 |    48 ||    73
       Pizza             |       |       |     2 |     6 ||     8
       Royal jelly       |       |       |     1 |       ||     1
       Beef jerky        |       |       |       |     2 ||     2
Armor: Skin              |     7 |    22 |     8 |    12 ||    49
Dodge: Dodged            |    96 |   309 |   286 |   622 ||  1313
       Deflected         |       |       |     5 |     3 ||     8
